 Dungeon Crawl Stone Soup version 0.21.1-1-g345015fe64 (webtiles) character file.

17782 Oravi the Slicer (level 12, 0/82 HPs)
             Began as a Halfling Fighter on Mar 28, 2018.
             Was a High Priest of Okawaru.
             Slain by a basilisk (3 damage)
             ... on level 1 of the Lair of Beasts.
             The game lasted 01:44:02 (14061 turns).

Oravi the Slicer (Halfling Fighter)                Turns: 14061, Time: 01:44:03

Health: 0/82       AC: 12    Str: 19    XL:     12   Next: 86%
Magic:  8/14       EV:  3    Int:  6    God:    Okawaru [*****.]
Gold:   1357       SH:  0    Dex: 17    Spells: 11/11 levels left

rFire    . . .     SeeInvis +   a - +2 rapier (elec)
rCold    . . .     Gourm    .   c - +1 shield
rNeg     + + +     Faith    .   B - +0 steam dragon scales
rPois    ∞         Spirit   .   d - +0 helmet
rElec    .         Reflect  .   o - +0 cloak {rPois}
rCorr    .         Harm     .   h - +0 pair of gloves
MR       .....                  (no boots)
Stlth    +++.......             (no amulet)
HPRegen  0.23/turn              m - +6 ring of evasion
MPRegen  0.14/turn              z - ring of see invisible

@: petrified, heroism, finesse, marked
A: small, large bone plates 1, mutation resistance 1
a: Heroism, Finesse, Renounce Religion


You were on level 1 of the Lair of Beasts.
You worshipped Okawaru.
Okawaru was extremely pleased with you.
You were not hungry.

You visited 3 branches of the dungeon, and saw 13 of its levels.
You also visited: Bailey.

You collected 1357 gold pieces.

Inventory:

Hand Weapons
 a - a +2 rapier of electrocution (weapon)
 b - a +0 hunting sling
 t - a +0 short sword of flaming
 u - a +3 dagger
Missiles
 e - 113 sling bullets
 k - 293 stones (quivered)
Armour
 c - a +1 shield (worn)
 d - a +0 helmet (worn)
 h - a +0 pair of gloves (worn)
 j - a +1 ring mail of cold resistance
 l - a +0 scale mail
 o - a +0 cloak of poison resistance (worn)
 p - the cursed +0 hat of Complete Protection {rElec rPois rC- rN+}
   (You found it on level 9 of the Dungeon)

   It makes you vulnerable to cold.
   It insulates you from electricity.
   It protects you from poison.
   It protects you from negative energy.
   It has a curse placed upon it.
 B - +0 steam dragon scales (worn)
Jewellery
 m - a +6 ring of evasion (left hand)
 q - an uncursed amulet of guardian spirit {unknown}
 z - a ring of see invisible (right hand)
 D - an uncursed ring of poison resistance
Wands
 i - a wand of iceblast (12)
 w - a wand of digging (24)
 y - a wand of flame (35)
 C - a wand of polymorph (12)
 G - a wand of paralysis (37)
Scrolls
 g - 2 scrolls of magic mapping
 n - a scroll of identify
 F - 2 scrolls of fog
Potions
 r - a potion of degeneration {unknown}
 s - 2 potions of ambrosia
 v - a potion of flight
Miscellaneous
 A - a lamp of fire
Comestibles
 f - 23 rations
 x - a chunk of flesh


   Skills:
 + Level 8.1(13.1) Fighting
 * Level 13.1(18.1) Short Blades
 + Level 10.6(15.6) Slings
 + Level 8.5(13.5) Armour
 + Level 5.6(10.6) Dodging
 + Level 10.0(15.0) Shields
 + Level 0.8 Invocations
 + Level 3.0 Evocations


You had 11 spell levels left.
You didn't know any spells.

Dungeon Overview and Level Annotations

Branches:
Dungeon (11/15)            Temple (1/1) D:4            Lair (1/6) D:10
    Orc (0/2) D:9

Altars:
Ashenzari
Cheibriados
Dithmenos
Elyvilon
Fedhas
Gozag
Hepliaklqana
Kikubaaqudgha
Makhleb
Nemelex Xobeh
Okawaru
Qazlal
Ru
Sif Muna
Trog
Uskayaw
Vehumet
Wu Jian
Xom
Yredelemnul
Zin
The Shining One

Shops:
D:4 }:(:


Innate Abilities, Weirdness & Mutations

You are small and have problems with some larger weapons.
You are somewhat resistant to further mutation.
You are partially covered in large bone plates. (SH +4)


Message History

The four-headed hydra bites you!
* * * LOW HITPOINT WARNING * * *
The four-headed hydra bites you.
* * * LOW HITPOINT WARNING * * *
The komodo dragon completely misses you.
The basilisk bites you but does no damage.
The hippogriff bites you.
* * * LOW HITPOINT WARNING * * *
The hippogriff pecks you but does no damage.
The hippogriff claws you but does no damage.
The four-headed hydra bites you but does no damage.
The four-headed hydra bites you!
* * * LOW HITPOINT WARNING * * *
The four-headed hydra bites you but does no damage.
The four-headed hydra bites you.
* * * LOW HITPOINT WARNING * * *
The komodo dragon bites you!
* * * LOW HITPOINT WARNING * * *
The basilisk bites you!
You die...

.........................#
................#.#..##..#
..###.P##.......#........#
... .## ..............#.#
................#
..............#.#
.......#.........#
......lP.†....#..#
...(..D@l.....#.##
......H#......# #
.......##.###.# .......
.... ... ....... ..... ..#
....... .(...$..# .#.....
...... #..#.. ####


You could see a four-headed hydra, a komodo dragon, a hippogriff and a basilisk.

Vanquished Creatures
  Erolcha (D:11)
  Harold (D:11)
  A hydra (Lair:1)
  The ghost of Gitz the Cleaver, a novice MiFi of Okawaru (D:7)
  4 two-headed ogres
  A deep troll earth mage (D:11)
  Urug (D:11)
  An orc knight (Bailey)
  The ghost of DildoBatman the Skirmisher, a novice FoEn of Kikubaaqudgha (D:5)
  A cyclops (D:11)
  An ugly thing (D:9)
  Psyche (D:10)
  A komodo dragon (Lair:1)
  2 trolls
  6 slime creatures (D:11)
  2 hippogriffs
  A wraith (D:9)
  5 yaks (Lair:1)
  2 wyverns
  A steam dragon (D:11)
  A hungry ghost (D:8)
  4 water moccasins
  8 orc warriors
  3 ice beasts
  A sky beast (D:10)
  A black bear (D:8)
  A wolf (D:10)
  2 phantoms (D:11)
  2 centaurs
  5 ogres
  A crocodile (Lair:1)
  A wyvern zombie (D:10)
  5 bullfrogs
  2 wyvern skeletons
  2 scorpions
  13 wights
  An electric eel (D:10)
  4 howler monkeys
  3 crimson imps
  2 centaur zombies
  A quasit (D:6)
  8 hounds
  Crazy Yiuf (D:7)
  2 bullfrog skeletons
  2 gnoll shamans
  An iron imp (D:9)
  5 jellies
  4 orc priests
  A centaur skeleton (D:6)
  5 worker ants
  3 iguanas
  5 orc wizards
  A hound skeleton (D:4)
  2 worker ant zombies
  12 gnolls
  16 adders
  3 shadow imps
  4 oozes
  2 adder zombies
  5 worms
  7 leopard geckos
  55 orcs
  3 ball pythons
  4 giant cockroaches
  8 goblins
  8 hobgoblins
  5 jackals
  18 kobolds
  3 quokkas
  8 bats
  5 frilled lizards
  A leopard gecko skeleton (D:4)
  A quokka skeleton (D:4)
  8 rats
314 creatures vanquished.

Vanquished Creatures (others)
  An orc warrior (D:7)
  A big kobold (D:7)
  2 hounds (D:7)
  An iguana (D:7)
  A shadow imp (D:7)
  An orc (D:10)
7 creatures vanquished.

Grand Total: 321 creatures vanquished

Notes
Turn   | Place    | Note
-------+----------+-------------------------------------------
     0 | D:1      | Oravi the Halfling Fighter began the quest for the Orb.
     0 | D:1      | Reached XP level 1. HP: 15/15 MP: 1/1
    18 | D:1      | Reached XP level 2. HP: 14/20 MP: 2/2
   535 | D:1      | Reached XP level 3. HP: 25/25 MP: 3/3
   755 | D:2      | Reached skill level 3 in Short Blades
  1118 | D:2      | Found a sparkling altar of Nemelex Xobeh.
  1487 | D:3      | Found a glowing silver altar of Zin.
  1501 | D:3      | Reached XP level 4. HP: 28/31 MP: 4/4
  1841 | D:3      | Found a bloodstained altar of Trog.
  2000 | D:3      | Reached XP level 5. HP: 33/36 MP: 5/5
  2406 | D:4      | Found Wulyibit's Gadget Shop.
  2412 | D:4      | Reached skill level 4 in Short Blades
  2478 | D:4      | Found a white marble altar of Elyvilon.
  2672 | D:4      | Reached skill level 1 in Dodging
  2672 | D:4      | Reached XP level 6. HP: 35/42 MP: 6/6
  2688 | D:4      | Found an opulent altar of Gozag.
  2761 | D:4      | Found a staircase to the Ecumenical Temple.
  2769 | Temple   | Entered the Ecumenical Temple
  2892 | D:4      | Noticed a two-headed ogre
  2912 | D:5      | Entered Level 5 of the Dungeon
  2939 | D:5      | Found a shattered altar of Ashenzari.
  2945 | D:5      | Noticed an ogre
  2958 | D:5      | Killed an ogre
  2958 | D:5      | Reached skill level 5 in Short Blades
  2958 | D:5      | Reached skill level 5 in Shields
  3037 | D:5      | Noticed DildoBatman's ghost (novice FoEn)
  3082 | D:4      | Reached XP level 7. HP: 36/46 MP: 7/7
  3150 | D:4      | Found Pocupp's Book Emporium.
  3396 | D:4      | Found Jymeil's Weapon Shoppe.
  3441 | D:4      | Found Nibb's Book Emporium.
  3486 | D:4      | HP: 2/46 [two-headed ogre/giant club (13)]
  3491 | D:4      | Killed a two-headed ogre
  3491 | D:4      | Reached skill level 7 in Short Blades
  3491 | D:4      | Reached skill level 5 in Armour
  3491 | D:4      | Reached skill level 1 in Evocations
  3491 | D:4      | Reached XP level 8. HP: 11/54 MP: 8/8
  3510 | D:4      | Found a basalt altar of Yredelemnul.
  3939 | D:5      | Reached XP level 9. HP: 28/58 MP: 10/10
  4416 | D:5      | Reached skill level 8 in Short Blades
  4946 | D:6      | Found a shimmering altar of Xom.
  5189 | D:6      | Found a hide-covered altar of Uskayaw.
  5317 | D:6      | Found a white marble altar of Elyvilon.
  5331 | D:6      | Found a burning altar of Makhleb.
  5575 | D:7      | Found a shimmering altar of Xom.
  5623 | D:7      | Reached skill level 9 in Short Blades
  5873 | D:7      | Noticed Gitz's ghost (novice MiFi)
  5895 | D:7      | Killed Gitz's ghost
  5895 | D:7      | Reached skill level 10 in Short Blades
  5895 | D:7      | Reached XP level 10. HP: 38/65 MP: 1/11
  6242 | D:7      | Found a runed door.
  6361 | D:7      | Reached skill level 5 in Fighting
  6415 | D:7      | Noticed Crazy Yiuf
  6427 | D:7      | Killed Crazy Yiuf
  6520 | D:8      | Noticed a two-headed ogre
  6867 | D:8      | Found a flagged portal.
  6876 | Bailey   | Entered a bailey
  6883 | Bailey   | Noticed an orc knight
  7472 | Bailey   | Gained mutation: You are partially covered in large bone plates. (SH +4) [potion of mutation]
  7501 | Bailey   | Killed an orc knight
  7501 | Bailey   | Reached skill level 5 in Slings
  8226 | D:8      | Killed a two-headed ogre
  8603 | D:8      | Noticed a two-headed ogre
  8624 | D:8      | Killed a two-headed ogre
  8624 | D:8      | Reached skill level 11 in Short Blades
  8624 | D:8      | Reached XP level 11. HP: 52/72 MP: 12/12
  8725 | D:8      | Found a blossoming altar of Fedhas.
  8725 | D:8      | Found an ornate altar of the Wu Jian Council.
  8726 | D:8      | Found an iron altar of Okawaru.
  8732 | D:8      | Became a worshipper of Warmaster Okawaru
  9174 | D:9      | Noticed a purple ugly thing
  9195 | D:9      | Killed a purple ugly thing
  9230 | D:9      | Got a bloodstained hat
  9231 | D:9      | Identified the cursed +0 hat of Complete Protection {rElec rPois rC- rN+} (You found it on level 9 of the Dungeon)
  9383 | D:8      | Reached * piety under Okawaru
  9698 | D:9      | Found a staircase to the Orcish Mines.
  9784 | D:9      | Found a shadowy altar of Dithmenos.
  9990 | D:9      | Reached skill level 5 in Dodging
 10210 | D:9      | Found a snail-covered altar of Cheibriados.
 10359 | D:10     | Entered Level 10 of the Dungeon
 10743 | D:10     | Found a staircase to the Lair.
 11052 | D:10     | Reached ** piety under Okawaru
 11340 | D:10     | Noticed Psyche
 11347 | D:10     | Killed Psyche
 11347 | D:10     | Reached skill level 12 in Short Blades
 11953 | D:11     | Noticed Harold
 11964 | D:11     | Killed Harold
 12049 | D:11     | Noticed Erolcha
 12068 | D:11     | Killed Erolcha
 12068 | D:11     | Reached *** piety under Okawaru
 12068 | D:11     | Reached XP level 12. HP: 70/81 MP: 12/14
 12430 | D:11     | Noticed a two-headed ogre
 12438 | D:11     | Killed a two-headed ogre
 12438 | D:11     | Reached **** piety under Okawaru
 13070 | D:11     | Noticed a deep troll earth mage
 13070 | D:11     | Noticed Urug
 13086 | D:11     | Killed a deep troll earth mage
 13086 | D:11     | Received a gift from Okawaru
 13107 | D:11     | Killed Urug
 13490 | D:5      | Killed DildoBatman's ghost
 13490 | D:5      | Reached skill level 10 in Slings
 13623 | Lair:1   | Entered Level 1 of the Lair of Beasts
 13768 | Lair:1   | Reached ***** piety under Okawaru
 13922 | Lair:1   | Reached skill level 13 in Short Blades
 13982 | Lair:1   | Noticed a four-headed hydra
 13993 | Lair:1   | Killed a four-headed hydra
 14002 | Lair:1   | Reached skill level 10 in Shields
 14051 | Lair:1   | Noticed a four-headed hydra
 14061 | Lair:1   | HP: 3/82 [komodo dragon (4)]
 14061 | Lair:1   | Slain by a basilisk

Skill      XL: |  1  2  3  4  5  6  7  8  9 10 11 12 |
---------------+-------------------------------------+-----
Short Blades   | 3 4 5 7 10 11 12 13 | 13.1
Fighting       | 3 4 6 7 8 |  8.1
Shields        | 4 5 6 8 9 10 | 10.0
Armour         | 4 5 7 8 |  8.5
Dodging        | 1 2 3 4 5 |  5.6
Evocations     | 1 2 3 |  3.0
Slings         | 5 7 10 | 10.6
Invocations    | |  0.8

Action                   |  1- 3 |  4- 6 |  7- 9 | 10-12 || total
-------------------------+-------+-------+-------+-------++-------
Melee: Rapier            |   100 |       |   182 |   580 ||   862
       Short sword       |    44 |   195 |   235 |       ||   474
 Fire: Hunting sling     |       |       |       |   508 ||   508
Invok: Heroism           |       |       |       |     9 ||     9
       Finesse           |       |       |       |     1 ||     1
Evoke: Wand              |       |     1 |    10 |    21 ||    32
  Use: Scroll            |       |     4 |     8 |    16 ||    28
       Potion            |       |       |     5 |    16 ||    21
 Stab: Invisible         |       |       |     3 |       ||     3
       Paralysed         |       |       |       |     5 ||     5
  Eat: Chunk             |     2 |     5 |     6 |    20 ||    33
       Ration            |       |       |     1 |     2 ||     3
Armor: Scale mail        |    42 |    27 |    33 |    57 ||   159
       Skin              |       |       |       |     3 ||     3
       Steam dragon scal |       |       |       |    20 ||    20
Dodge: Dodged            |    65 |    73 |   166 |   267 ||   571
Block: Shield            |    60 |    80 |   143 |   345 ||   628
